 Dungeon Crawl Stone Soup version 0.26.0-10-g1f06aea511 (webtiles) character file.

Game seed: 4454909071470195658

57725 Amaterasu the Severer (level 14, -9/126 HPs)
             Began as a Minotaur Fighter on Jan 30, 2021.
             Was a Follower of Uskayaw.
             Drowned by a drowned soul (12 damage)
             ... summoned by a merfolk avatar
             ... on level 6 of the Lair of Beasts.
             The game lasted 00:28:27 (19570 turns).

Amaterasu the Severer (Minotaur Fighter)           Turns: 19570, Time: 00:28:28

Health: -9/126     AC: 25    Str: 31    XL:     14   Next: 46%
Magic:  22/22      EV:  7    Int:  5    God:    Uskayaw [*.....]
Gold:   1629       SH: 15    Dex: 17    Spells: 13/13 levels left

rFire    + + .     SeeInvis .   a - +1 war axe (freeze)
rCold    . . .     Faith    .   c - +1 kite shield
rNeg     . . .     Spirit   .   U - +2 plate armour {rF+}
rPois    .         Reflect  .   P - +2 hat
rElec    .         Harm     .   T - +2 cloak {rF+}
rCorr    .         Rampage  .   q - +0 pair of gloves
Will     +....                  s - +0 pair of boots
Stlth    ..........             (no amulet)
HPRegen  0.31/turn              C - +6 ring of dexterity
MPRegen  0.18/turn              m - +6 ring of strength

@: mesmerised, studying Throwing, very slow
A: retaliatory headbutt, horns 2
a: Renounce Religion, Stomp


You were on level 6 of the Lair of Beasts.
You worshipped Uskayaw.
Uskayaw was pleased with you.
You visited 3 branches of the dungeon, and saw 18 of its levels.
You also visited: Ossuary and Volcano.

You collected 1761 gold pieces.
You spent 132 gold pieces at shops.

Inventory:

Hand Weapons
 a - a +1 war axe of freezing (weapon)
 V - a +0 demon whip of flaming
Missiles
 K - 6 javelins (quivered)
Armour
 c - a +1 kite shield (worn)
 q - a +0 pair of gloves (worn)
 s - a +0 pair of boots (worn)
 P - a +2 hat (worn)
 T - a +2 cloak of fire resistance (worn)
 U - a +2 plate armour of fire resistance (worn)
Jewellery
 k - an uncursed ring of protection from cold
 m - a +6 ring of strength (right hand)
 u - the ring "Goimp" {Fire +Inv rElec Will- MP+9}
   (You found it on level 4 of the Lair of Beasts)

   [ring of fire]

   It enhances your fire magic.
   It protects you from fire.
   It makes you vulnerable to cold.
   It insulates you from electricity.
   It affects your willpower, your defense against some magical effects.
   It affects your magic capacity (+9).
   It lets you turn invisible.
 C - a +6 ring of dexterity (left hand)
 J - an uncursed ring of flight
 R - an uncursed ring of positive energy
Wands
 b - a wand of polymorph (10)
 l - a wand of random effects (21)
 p - a wand of paralysis (23)
 A - a wand of iceblast (7)
 B - a wand of digging (8)
 L - a wand of flame (13)
Scrolls
 e - 11 scrolls of remove curse
 n - 11 scrolls of teleportation
 o - 4 scrolls of magic mapping
 r - 6 scrolls of enchant armour
 t - 4 scrolls of immolation
 w - 2 scrolls of fog
 x - 8 scrolls of identify
 y - 3 scrolls of amnesia
 E - a scroll of enchant weapon
 F - 2 scrolls of fear
Potions
 d - 3 potions of might
 f - 3 potions of invisibility
 g - 7 potions of attraction
 h - 4 potions of brilliance
 i - 4 potions of flight
 j - 6 potions of curing
 v - 2 potions of resistance
 z - 3 potions of cancellation
 D - a potion of ambrosia
 G - 2 potions of haste
 I - a potion of magic
 N - a potion of berserk rage {unknown}
 O - 2 potions of mutation
Books
 M - a manual of Throwing
Miscellaneous
 H - a condenser vane


   Skills:
 - Level 12.0 Fighting
 - Level 16.0 Axes
 - Level 11.0 Armour
 - Level 11.0 Shields
 * Level 12.3 Invocations
 * Level 8.2 Evocations


You had 13 spell levels left.
You didn't know any spells.
Your spell library contained the following spells:

 Spells                   Type           Power        Failure   Level
 Summon Small Mammal      Summ           0%           99%         1
 Call Imp                 Summ           0%           100%        2
 Ensorcelled Hibernation  Hex/Ice        0%           100%        2
 Call Canine Familiar     Summ           0%           100%        3
 Summon Guardian Golem    Hex/Summ       0%           100%        3
 Summon Ice Beast         Ice/Summ       0%           100%        4
 Summon Lightning Spire   Summ/Air       0%           100%        4
 Silence                  Hex/Air        0%           100%        5
 Conjure Ball Lightning   Conj/Air       0%           100%        6
 Spellforged Servitor     Conj/Summ      0%           100%        7
 Tornado                  Air            0%           100%        9


Dungeon Overview and Level Annotations

Branches:
Dungeon (11/15)            Temple (1/1) D:6            Lair (6/6) D:11
 Shoals (0/4) Lair:4        Snake (0/4) Lair:2        Slime (0/5) Lair:5
    Orc (0/2) D:11        Ossuary (visited)         Volcano (visited)

Altars:
Ashenzari
Cheibriados
Dithmenos
Elyvilon
Fedhas
Gozag
Hepliaklqana
Kikubaaqudgha
Makhleb
Nemelex Xobeh
Okawaru
Qazlal
Ru
Sif Muna
Trog
Uskayaw
Vehumet
Wu Jian
Xom
Yredelemnul
Zin
The Shining One
Jiyva

Shops:
D:6 ?   D:10 [

Annotations:
D:8 2 transporters, funkygono's ghost, novice DEAE
Lair:4 exclusion: 2 oklob plants


Innate Abilities, Weirdness & Mutations

You reflexively headbutt those who attack you in melee.
You have a pair of horns on your head.


Message History

The merfolk avatar is splashed with acid.
The acid corrodes the merfolk avatar!
The merfolk avatar is heavily wounded.
The bolt of acid hits the drowned soul!
The drowned soul is splashed with acid.
You destroy the drowned soul!
You block the drowned soul's attack.
Evoke which item? (* to show all) (? for menu, Esc to quit)
Aiming: Corrosive Bolt
Press: ? - help, Shift-Dir - straight line, f/p - merfolk avatar
Aim: a merfolk avatar (water, heavily wounded, mesmerising, covered in acid, 33% to evade)
The bolt of acid hits the merfolk avatar!
The merfolk avatar is splashed with acid.
The merfolk avatar seems to be corroded for longer.
The merfolk avatar is severely wounded.
The now-empty wand crumbles to dust.
The drowned soul touches you. The drowned soul drowns you!
* * * LOW HITPOINT WARNING * * *
The merfolk avatar chants its luring song.
The drowned soul touches you. The drowned soul drowns you!
You die...

...≈ ≈≈≈....... ...≈ P≈≈
≈≈ ≈≈#.≈...... .... ≈≈
≈≈ ≈≈##....... .... ≈≈#≈
≈≈≈≈≈...... ....
####...######≈≈≈≈.......
...≈
8≈≈≈≈≈≈≈≈≈≈8#≈≈##.......
[..≈
≈≈≈≈#≈#≈≈≈≈≈#≈≈.#≈......
≈≈≈≈≈≈≈≈≈≈≈≈#≈≈≈≈.......
≈≈≈≈?$?@≈≈≈≈#≈≈≈≈.......
≈≈≈≈)≈m(≈≈≈≈#≈≈##..†.†..
≈≈≈≈§≈≈(≈≈≈≈#≈≈##≈..††..
≈≈≈§()?|≈≈#≈.≈≈≈≈≈.††...
≈≈≈≈§§P≈≈≈≈≈#≈≈≈≈≈..†...
≈≈≈≈≈≈≈≈≈P≈≈#≈≈.#≈......
.§≈≈≈≈≈≈≈≈≈8#≈≈.#.......
####≈≈≈≈#####≈P≈≈≈......
≈≈P≈≈≈ #≈P≈≈.......


You could see a merfolk avatar (mesmerising, corroded).

Vanquished Creatures
  Gastronok (Lair:1)
  A dire elephant (Lair:6)
  A great orb of eyes (D:11)
  Josephine (Lair:5)
  6 hydras
  3 boulder beetles
  A catoblepas (Lair:2)
  Erica (Lair:2)
  A two-headed ogre (D:8)
  The ghost of inc the Jinx, a journeyman FeEn of Zin (Lair:4)
  6 death yaks (Lair:5)
  A hell hog (Volcano)
  Urug (Lair:4)
  Nergalle (D:11)
  A fire crab (Volcano)
  A harpy (Lair:6)
  3 elephants (Lair:6)
  2 black mambas
  Joseph (D:8)
  Maurice (D:11)
  11 cane toads
  6 rime drakes
  8 komodo dragons
  A tyrant leech (Lair:6)
  6 polar bears
  A troll (D:9)
  A hornet (D:9)
  2 wind drakes (Lair:6)
  Prince Ribbit (D:7)
  15 blink frogs
  7 dream sheep (Lair:6)
  A vampire (D:11)
  5 wraiths
  42 yaks
  Eustachio (D:4)
  Grum (D:11)
  4 wyverns
  14 fire bats
  A basilisk (Lair:1)
  A steam dragon (D:11)
  Menkaure (Ossuary)
  The ghost of kuzco6543 the Changer, an amateur OpTm (D:4)
  2 swamp worms (Lair:6)
  2 wargs (D:11)
  Edmund (D:5)
  A hydra simulacrum (Lair:4)
  3 hell hounds (Volcano)
  29 water moccasins
  Duvessa (D:7)
  An ice beast (D:10)
  2 sky beasts
  A black bear (D:6)
  7 orc warriors
  A boulder beetle simulacrum (Lair:4)
  An eye of draining (D:11)
  2 phantoms
  4 ogres
  20 wolves
  8 centaurs
  11 bullfrogs
  Dowan (D:7)
  A cane toad simulacrum (Lair:4)
  2 wyvern skeletons (D:11)
  6 scorpions
  A dream sheep simulacrum (Lair:4)
  An elephant simulacrum (Lair:4)
  4 killer bees (D:10)
  18 wights
  A howler monkey (D:4)
  2 electric eels (Lair:4)
  2 rime drake simulacra (Lair:4)
  2 centaur zombies
  2 bullfrog zombies (D:11)
  A komodo dragon simulacrum (Lair:4)
  4 lava snakes (Volcano)
  A quasit (D:10)
  7 hounds
  6 orc wizards
  4 bullfrog skeletons
  7 orc priests
  A gnoll shaman (D:3)
  An iguana (D:4)
  4 jellies
  Jessica (D:3)
  2 centaur skeletons
  23 hell rats
  12 worker ants
  A hound zombie (D:7)
  3 mummies (Ossuary)
  5 gnolls (D:3)
  A howler monkey skeleton (D:4)
  2 howler monkey zombies
  10 river rats (Lair:3)
  2 worker ant zombies
  14 adders
  2 shadow imps
  2 white imps
  2 ufetubi
  2 oozes
  2 adder skeletons
  An adder zombie (D:9)
  2 worms
  5 dart slugs
  11 leopard geckos
  51 orcs
  6 giant cockroaches
  9 goblins
  6 hobgoblins
  4 jackals (D:7)
  9 kobolds
  9 quokkas
  3 ball pythons
  7 bats
  7 frilled lizards
  5 gnoll skeletons (Ossuary)
  3 gnoll zombies (Ossuary)
  2 goblin skeletons (Ossuary)
  5 goblin zombies (Ossuary)
  9 hobgoblin skeletons (Ossuary)
  6 hobgoblin zombies (Ossuary)
  A jackal zombie (D:8)
  A kobold skeleton (Ossuary)
  3 kobold zombies (Ossuary)
  A leopard gecko zombie (D:6)
  3 orc skeletons (Ossuary)
  3 orc zombies (Ossuary)
  16 rats
  2 rat skeletons (Ossuary)
  5 rat zombies (Ossuary)
  A spectral orc (D:6)
624 creatures vanquished.

Vanquished Creatures (others)
  A goblin skeleton (Ossuary)
  2 kobold skeletons (Ossuary)
  8 bushes (D:10)
  23 fungi
  96 plants
  4 withered plants (D:4)
134 creatures vanquished.

Grand Total: 758 creatures vanquished

Notes
Turn   | Place    | Note
-------+----------+-------------------------------------------
     0 | D:1      | Amaterasu the Minotaur Fighter began the quest for the Orb.
     0 | D:1      | Reached XP level 1. HP: 19/19 MP: 0/0
   111 | D:1      | Reached skill level 3 in Axes
   203 | D:1      | Reached XP level 2. HP: 26/26 MP: 1/1
   432 | D:1      | Reached skill level 4 in Axes
  1128 | D:2      | Reached XP level 3. HP: 30/31 MP: 2/2
  1247 | D:2      | Noticed a sky beast
  1262 | D:2      | Killed a sky beast
  1263 | D:2      | Reached skill level 5 in Axes
  1263 | D:2      | Reached XP level 4. HP: 33/40 MP: 3/3
  1329 | D:2      | Reached XP level 5. HP: 43/46 MP: 4/4
  1398 | D:2      | Reached skill level 6 in Axes
  1899 | D:3      | Found an ornate altar of the Wu Jian Council.
  1908 | D:3      | Reached skill level 5 in Fighting
  2107 | D:3      | Reached XP level 6. HP: 43/56 MP: 5/5
  2316 | D:3      | Found a shadowy altar of Dithmenos.
  2316 | D:3      | Noticed a shadow
  2318 | D:3      | Found a hazy altar of Hepliaklqana.
  2371 | D:3      | Reached skill level 7 in Axes
  2565 | D:3      | Noticed Jessica
  2568 | D:3      | Killed Jessica
  2811 | D:4      | Found an ancient bone altar of Kikubaaqudgha.
  2849 | D:4      | Noticed Eustachio
  2866 | D:4      | Killed Eustachio
  2867 | D:4      | Reached XP level 7. HP: 39/61 MP: 6/6
  2976 | D:4      | Reached skill level 8 in Axes
  3068 | D:4      | Found a sacrificial altar of Ru.
  3097 | D:4      | Reached skill level 5 in Armour
  3101 | D:4      | Reached skill level 5 in Shields
  3239 | D:4      | Found a runed translucent gate.
  3239 | D:4      | Found a runed translucent gate.
  3239 | D:4      | Found a runed translucent gate.
  3239 | D:4      | Noticed a yak
  3240 | D:4      | Noticed kuzco6543's ghost (amateur OpTm)
  3267 | D:4      | Killed kuzco6543's ghost
  3271 | D:4      | Killed a yak
  3272 | D:4      | Reached XP level 8. HP: 36/69 MP: 7/7
  3278 | D:4      | Reached skill level 9 in Axes
  3857 | D:5      | Entered Level 5 of the Dungeon
  4323 | D:5      | Noticed Edmund
  4328 | D:5      | Killed Edmund
  4602 | D:5      | Reached skill level 10 in Axes
  5315 | D:6      | Found a staircase to the Ecumenical Temple.
  5322 | Temple   | Entered the Ecumenical Temple
  5383 | Temple   | Became a worshipper of Uskayaw the Reveller
  5405 | D:6      | Reached * piety under Uskayaw
  5406 | D:6      | Reached XP level 9. HP: 79/79 MP: 8/8
  5601 | D:6      | Found Cuomn's Magic Scroll Boutique.
  5606 | D:6      | Bought a scroll of identify for 22 gold pieces
  5606 | D:6      | Bought a scroll of identify for 22 gold pieces
  5606 | D:6      | Bought a scroll of fog for 22 gold pieces
  5606 | D:6      | Bought 2 scrolls of identify for 44 gold pieces
  5606 | D:6      | Bought a scroll of identify for 22 gold pieces
  5753 | D:6      | Found a glowing silver altar of Zin.
  5904 | D:6      | Reached ** piety under Uskayaw
  6008 | D:6      | Found a basalt altar of Yredelemnul.
  6046 | D:6      | Found a glowing golden altar of the Shining One.
  6129 | D:7      | Noticed Duvessa
  6129 | D:7      | Noticed Dowan
  6136 | D:7      | Killed Duvessa
  6136 | D:7      | Reached *** piety under Uskayaw
  6138 | D:7      | Killed Dowan
  6273 | D:7      | Reached skill level 1 in Invocations
  6318 | D:7      | Found a hide-covered altar of Uskayaw.
  6454 | D:7      | Found a stormy altar of Qazlal.
  6545 | D:7      | Reached skill level 11 in Axes
  6677 | D:7      | Found a snail-covered altar of Cheibriados.
  6790 | D:7      | Noticed Prince Ribbit
  6796 | D:7      | Killed Prince Ribbit
  7193 | D:8      | Reached **** piety under Uskayaw
  7194 | D:8      | Noticed Joseph
  7194 | D:8      | Reached ***** piety under Uskayaw
  7195 | D:8      | Reached skill level 12 in Axes
  7209 | D:8      | Killed Joseph
  7209 | D:8      | Reached ****** piety under Uskayaw
  7210 | D:8      | Reached XP level 10. HP: 39/88 MP: 2/12
  7211 | D:8      | Reached skill level 5 in Invocations
  7319 | D:8      | Noticed a two-headed ogre
  7328 | D:8      | Killed a two-headed ogre
  7847 | D:8      | Found a transporter.
  7847 | D:8      | Noticed a cyclops
  7849 | D:8      | Noticed funkygono's ghost (novice DEAE)
  7922 | D:8      | Found a sand-covered staircase.
  7928 | Ossuary  | Entered an ossuary
  8155 | Ossuary  | Noticed Menkaure
  8164 | Ossuary  | Killed Menkaure
  8587 | D:8      | Found a transporter.
  8859 | D:9      | Reached skill level 1 in Evocations
  9104 | D:9      | Found an opulent altar of Gozag.
  9270 | D:9      | Found a radiant altar of Vehumet.
  9311 | D:9      | Found a shimmering blue altar of Sif Muna.
  9500 | D:9      | Identified a scroll of acquirement
  9500 | D:9      | Acquired 540 gold pieces
  9525 | D:10     | Entered Level 10 of the Dungeon
  9844 | D:10     | Reached skill level 13 in Axes
  9958 | D:10     | Reached XP level 11. HP: 95/95 MP: 14/14
 10458 | D:10     | Found Vekkuoqa's Armour Shoppe.
 10725 | D:11     | Found a staircase to the Lair.
 10807 | D:11     | Noticed a boulder beetle
 10820 | D:11     | Killed a boulder beetle
 11412 | D:11     | Noticed Grum
 11429 | D:11     | Killed Grum
 11498 | D:11     | Noticed Maurice
 11514 | D:11     | Killed Maurice
 11514 | D:11     | Noticed a five-headed hydra
 11523 | D:11     | Noticed a great orb of eyes
 11523 | D:11     | a five-headed hydra changed into a great orb of eyes
 11530 | D:11     | Killed a great orb of eyes
 11538 | D:11     | Reached skill level 14 in Axes
 11661 | D:11     | Found a staircase to the Orcish Mines.
 11817 | D:11     | Noticed Nergalle
 11826 | D:11     | Killed Nergalle
 11999 | D:11     | Found a sparkling altar of Nemelex Xobeh.
 12104 | Lair:1   | Entered Level 1 of the Lair of Beasts
 12114 | Lair:1   | Reached skill level 10 in Fighting
 12283 | Lair:1   | Reached XP level 12. HP: 102/106 MP: 15/17
 12370 | Lair:1   | Noticed Gastronok
 12394 | Lair:1   | Killed Gastronok
 12395 | Lair:1   | Reached skill level 5 in Evocations
 12498 | Lair:1   | Noticed a five-headed hydra
 12511 | Lair:1   | Killed an 11-headed hydra
 12619 | Lair:1   | Noticed a five-headed hydra
 12627 | Lair:1   | Killed a nine-headed hydra
 13012 | Lair:1   | Noticed a five-headed hydra
 13018 | Lair:1   | Killed a ten-headed hydra
 13272 | Lair:2   | Reached skill level 10 in Invocations
 13475 | Lair:2   | Found a staircase to the Snake Pit.
 13828 | Lair:2   | Noticed Erica
 13834 | Lair:2   | Killed Erica
 13900 | Lair:2   | Found a shimmering blue altar of Sif Muna.
 14034 | Lair:2   | Noticed a catoblepas
 14047 | Lair:2   | Killed a catoblepas
 14628 | Lair:3   | Noticed a boulder beetle
 14639 | Lair:3   | Killed a boulder beetle
 14640 | Lair:3   | Reached XP level 13. HP: 115/115 MP: 19/19
 15388 | Lair:4   | Found a runed translucent gate.
 15388 | Lair:4   | Found a runed translucent gate.
 15393 | Lair:4   | Found a runed translucent gate.
 15450 | Lair:4   | Noticed inc's ghost (journeyman FeEn)
 15472 | Lair:4   | Killed inc's ghost
 15473 | Lair:4   | Reached skill level 15 in Axes
 15473 | Lair:4   | Reached skill level 10 in Shields
 15817 | Lair:4   | Got the ring "Goimp" {Fire}
 15821 | Lair:4   | Identified Tucat's Collected Works on the Supportive
                  | Frostbite
 16004 | Lair:4   | Found a staircase to the Shoals.
 16007 | Lair:4   | Noticed Urug
 16019 | Lair:4   | Killed Urug
 17152 | Lair:5   | Reached skill level 10 in Armour
 17170 | Lair:5   | Found a dark tunnel.
 17175 | Lair:5   | Identified the ring "Goimp" {Fire +Inv rElec Will- MP+9}
                  | (You found it on level 4 of the Lair of Beasts)
 17181 | Volcano  | Entered a volcano
 17519 | Volcano  | Found a burning altar of Makhleb.
 17604 | Volcano  | Found a radiant altar of Vehumet.
 18214 | Lair:5   | Noticed Josephine
 18219 | Lair:5   | Killed Josephine
 18314 | Lair:5   | You fall into a shaft and drop 1 floor!
 18314 | Lair:6   | Entered Level 6 of the Lair of Beasts
 18322 | Lair:6   | Reached XP level 14. HP: 125/125 MP: 21/21
 18335 | Lair:6   | Reached skill level 16 in Axes
 19015 | Lair:5   | Found a viscous altar of Jiyva.
 19015 | Lair:5   | Found a staircase to the Slime Pits.
 19570 | Lair:6   | HP: 3/126 [drowned by a drowned soul[a merfolk avatar]
                  | (10)]
 19570 | Lair:6   | Drowned by a drowned soul

Illustrated notes

Levels and vault maps discovered:
D:1:      minmay_arrival_split_and_join, layout_basic, serial_forest,
          infiniplex_forest_clump_small, infiniplex_forest_3_way,
          infiniplex_forest_lined_room_, infiniplex_forest_straight_2,
          infiniplex_forest_split, infiniplex_forest_lined_corner,
          infiniplex_forest_lined_1, infiniplex_forest_pool, roderic_lattice_a
D:2:      layout_basic
D:3:      layout_rooms, riverfiend_overflow_shadow_ancestor,
          lemuel_crystal_altar, uniq_jessica
D:4:      layout_basic, nicolae_ru_sacrificial_ziggurat,
          kiku_gazebo_garden_becter, gammafunk_ghost_split, uniq_eustachio
D:5:      layout_layer_cave, chequers_serial_rivers_marsh, uniq_edmund
D:6:      layout_basic, nicolae_tso_swordbearing_angel,
          yredelemnul_forgotten_temple_becter, general_overflow_altar,
          temple_green, serial_shops, kennysheep_little_box
D:7:      layout_basic, lemuel_round_altar, old_standard_altar, basic_altar,
          uniq_prince_ribbit1, uniq_duvessa
D:8:      layout_rooms, gammafunk_ghost_arena, nicolae_ossuary_entry_plus,
          uniq_joseph
D:9:      layout_rooms, lemuel_blue_sif_altar, old_standard_altar,
          nicolae_overflow_hidden_temple, skrybe_limestone_x
D:10:     minmay_klotski, layout_basic, serial_shops, nicolae_shop_behind_doors,
          serial_aquarium, aquarium_bridge_straight [aquarium_subvault_bridge,
          aquarium_subvault_balcony, aquarium_subvault_bridge,
          aquarium_subvault_wall], aquarium_bridge_square
          [aquarium_subvault_wall, aquarium_subvault_wall,
          aquarium_subvault_bridge, aquarium_subvault_bridge],
          aquarium_window_corner, aquarium_window_3, aquarium_view_2b,
          aquarium_view_2b, aquarium_pool_2
D:11:     layout_small_grid, david_lair_shrubbed, david_orc_1_choice,
          nemelex_diamond_rough_becter, uniq_nergalle, uniq_grum, uniq_maurice
Temple:   jpeg_temple_island
Lair:1:   layout_cave_pods, grunt_megastairs_2, uniq_gastronok
Lair:2:   layout_hall_layers, minmay_snake_entry_six_corridors, basic_altar,
          infiniplex_staircase_pool, serial_bayou_shore_b, uniq_erica
Lair:3:   lemuel_ratsnest, layout_long_grid
Lair:4:   layout_regular_city, minmay_shoals_entry_centaurs,
          gammafunk_ghost_icy, minmay_lair_oklob_chamber, serial_bayou_shore_a,
          uniq_urug
Lair:5:   layout_regular_city, dpeg_slime_entry_enclosed_altar,
          nicolae_volcano_entry_batcave, beast_lair_carwin_9, uniq_josephine
Lair:6:   gammafunk_lair_ancient_temple, layout_regular_city, worms_lemuel

Skill      XL: |  1  2  3  4  5  6  7  8  9 10 11 12 13 14 |
---------------+-------------------------------------------+-----
Axes           | 3 4 5 6 7 8 10 12 13 14 15 16 | 16.0
Fighting       | 4 5 7 8 10 11 12 | 12.0
Armour         | 4 5 6 7 9 10 11 | 11.0
Shields        | 4 5 6 7 9 10 11 | 11.0
Invocations    | 4 6 8 10 12 | 12.3
Evocations     | 2 4 6 7 8 |  8.2

Action                   |  1- 3 |  4- 6 |  7- 9 | 10-12 | 13-15 || total
-------------------------+-------+-------+-------+-------+-------++-------
Melee: War axe           |    75 |   158 |   241 |   545 |   439 ||  1458
       Headbutt          |    12 |    18 |    51 |   180 |   135 ||   396
Invok: Line Pass         |       |       |     2 |       |       ||     2
       Stomp             |       |       |       |       |     6 ||     6
       Grand Finale      |       |       |       |       |     2 ||     2
Evoke: Wand              |       |       |       |     1 |     8 ||     9
  Use: Scroll            |     3 |     9 |     9 |     9 |     5 ||    35
       Potion            |       |       |     3 |       |     2 ||     5
 Stab: Paralysed         |       |       |     9 |    70 |    65 ||   144
Armor: Scale mail        |    31 |    70 |    38 |       |       ||   139
       Plate armour      |       |       |    47 |   165 |   173 ||   385
Dodge: Dodged            |    14 |    32 |    56 |    69 |    84 ||   255
Block: Kite shield       |    33 |    96 |   133 |   265 |   243 ||   770
